 Dungeon Crawl Stone Soup version 0.21-a0-426-g98080a9 (webtiles) character file.

464 mastercheaf21 the Cudgeler (level 6, -2/57 HPs)
             Began as a Minotaur Berserker on Nov 6, 2017.
             Was a Priest of Trog.
             Slain by a scorpion (8 damage)
             ... on level 4 of the Dungeon.
             The game lasted 00:15:23 (3984 turns).

mastercheaf21 the Cudgeler (Minotaur Berserker)     Turns: 3984, Time: 00:15:24

Health: -2/57      AC:  8    Str: 23    XL:     6   Next: 80%
Magic:  5/5        EV:  8    Int:  7    God:    Trog [***...]
Gold:   199        SH:  8    Dex: 10    Spells: 5/5 levels left

rFire    + . .     SeeInvis .   B - +0 flail
rCold    . . .     Gourm    .   l - +0 shield
rNeg     . . .     Faith    .   D - +2 scale mail {rF+}
rPois    .         Spirit   .   (helmet restricted)
rElec    .         Reflect  .   (no cloak)
rCorr    .         Harm     .   (no gloves)
MR       .....     Rnd*Tele +   (no boots)
Stlth    ..........             (no amulet)
HPRegen  0.19/turn              h - ring of teleportation (curse)
MPRegen  0.09/turn              v - +3 ring of intelligence

@: lethally poisoned (-2 -> -14)
A: retaliatory headbutt, horns 2
a: Berserk, Trog's Hand, Burn Spellbooks, Renounce Religion


You were on level 4 of the Dungeon.
You worshipped Trog.
Trog was most pleased with you.
You were hungry.

You visited 1 branch of the dungeon, and saw 4 of its levels.

You collected 199 gold pieces.

Inventory:

Hand Weapons
 a - a +0 mace
 q - a +1 rapier of electrocution
 B - a +0 flail (weapon)
Missiles
 o - 20 bolts
 t - 7 needles of sleeping
 C - 2 javelins (quivered)
 F - 5 tomahawks
Armour
 l - a +0 shield (worn)
 y - a +4 chain mail
 D - a +2 scale mail of fire resistance (worn)
Jewellery
 h - a cursed ring of teleportation (left hand)
 v - a +3 ring of intelligence (right hand)
 E - an uncursed ring of flight
Scrolls
 d - 3 scrolls of identify {unknown}
 e - 3 scrolls of enchant weapon {unknown}
 j - 6 scrolls of teleportation {unknown}
 k - a scroll of fog {unknown}
 m - a scroll of enchant armour {unknown}
 n - 4 scrolls of remove curse {unknown}
 s - a scroll of noise {unknown}
Potions
 f - 4 potions of curing {unknown}
 g - 2 potions of degeneration {unknown}
 i - 2 potions of flight {unknown}
 p - 2 potions of heal wounds {unknown}
 u - a potion of might {unknown}
 x - 2 potions of ambrosia {unknown}
 A - a potion of invisibility {unknown}
Comestibles
 b - a chunk of flesh
 c - 2 bread rations
 w - a meat ration


   Skills:
 + Level 5.6 Fighting
 * Level 7.8 Maces & Flails
 - Level 2.5 Armour
 - Level 2.3 Dodging
 - Level 2.0 Shields


You had 5 spell levels left.
You didn't know any spells.

Dungeon Overview and Level Annotations

Branches:
Dungeon (4/15)
 Temple: D:4-7

Altars:
Ashenzari


Innate Abilities, Weirdness & Mutations

You reflexively headbutt those who attack you in melee.
You have a pair of horns on your head.


Message History

* * * LOW HITPOINT WARNING * * *
You feel sick. Something hits you but does no damage.
The scorpion stings you but does no damage.
The orc hits you but does no damage.
You barely miss something.
* * * LOW HITPOINT WARNING * * *
You feel sick. Something hits you.
* * * LOW HITPOINT WARNING * * *
Something hits you but does no damage. You block the scorpion's attack.
The orc barely misses you. You furiously retaliate!
You headbutt the orc!
You kill the orc!
Trog accepts your kill.
You miss something.
* * * LOW HITPOINT WARNING * * *
You feel sick. You block something's attack. You block the scorpion's attack.
Something hits you but does no damage.
You hit something. Your headbutt misses something.
* * * LOW HITPOINT WARNING * * *
You feel sick. Something hits you but does no damage. The scorpion stings you!
You die...

#. #.####
.#.....
.>..... .....
#...
..###.s##
......{@# ###
#.##..)†#...#
#.###...# ..
#......# #
#.###..## #.
.... # .....#
.#.## ...#


You could see a scorpion.

Vanquished Creatures
  An ogre (D:4)
  A scorpion (D:4)
  A howler monkey (D:4)
  A crimson imp (D:4)
  An orc priest (D:4)
  An orc wizard (D:4)
  Natasha (twice) (D:2)
  7 adders
  2 worms (D:2)
  5 leopard geckos
  8 orcs
  4 bats
  3 giant cockroaches
  9 hobgoblins
  7 jackals (D:2)
  9 kobolds
  7 frilled lizards
  5 goblins
  13 rats
  A plant (D:2)
88 creatures vanquished.

Notes
Turn   | Place    | Note
-------+----------+-------------------------------------------
     0 | D:1      | mastercheaf21 the Minotaur Berserker began the quest for the Orb.
     0 | D:1      | Reached XP level 1. HP: 19/19 MP: 0/0
   325 | D:1      | Found a shattered altar of Ashenzari.
   464 | D:1      | Reached XP level 2. HP: 23/27 MP: 1/1
   594 | D:1      | Reached skill level 4 in Maces & Flails
   864 | D:1      | Reached ** piety under Trog
  1373 | D:2      | Reached XP level 3. HP: 10/33 MP: 2/2
  2271 | D:2      | Reached skill level 5 in Maces & Flails
  2336 | D:2      | Reached XP level 4. HP: 8/41 MP: 3/3
  2720 | D:2      | Noticed Natasha
  2726 | D:2      | Killed Natasha
  2726 | D:2      | Reached skill level 1 in Shields
  2864 | D:2      | Noticed Natasha
  2880 | D:2      | Killed Natasha
  2880 | D:2      | Reached skill level 5 in Fighting
  2880 | D:2      | Reached XP level 5. HP: 18/48 MP: 4/4
  3537 | D:3      | Reached *** piety under Trog
  3560 | D:3      | Reached skill level 6 in Maces & Flails
  3906 | D:4      | Noticed an ogre
  3912 | D:4      | Killed an ogre
  3912 | D:4      | Reached skill level 7 in Maces & Flails
  3912 | D:4      | Reached XP level 6. HP: 45/56 MP: 5/5
  3984 | D:4      | Slain by a scorpion

Vault maps used:
D:1:      dpeg_arrival_leaves_temple_mockup, minmay_misc_feat_secret_circle,
          minmay_misc_feat_roman, nicolae_ashenzari_panopticon
D:2:      cheibrodos_old_hovel, hangedman_decor_peaks_small, uniq_natasha
D:3:      first_bread

Skill      XL: |  1  2  3  4  5 |
---------------+----------------+-----
Fighting       | 4 5 |  5.6
Maces & Flails | 4 5 7 |  7.8
Shields        | 1 2 |  2.0
Armour         | |  2.5
Dodging        | |  2.3

Action                   |  1- 3 |  4- 6 || total
-------------------------+-------+-------++-------
Melee: Mace              |   133 |    61 ||   194
       Headbutt          |    22 |    21 ||    43
       Flail             |       |    78 ||    78
  Eat: Chunk             |     2 |     3 ||     5
       Bread ration      |     1 |       ||     1
Armor: Animal skin       |    21 |       ||    21
       Leather armour    |     7 |     9 ||    16
       Ring mail         |       |    16 ||    16
       Chain mail        |       |    17 ||    17
       Scale mail        |       |    40 ||    40
Dodge: Dodged            |    65 |    57 ||   122
Block: Shield            |    36 |    60 ||    96

Table legend:
 A = Spawn XP
 B = Non-spawn XP
 C = Spawn XP percentage of total XP
 D = Spawn monster count
 E = Non-spawn monster count
 F = Spawn count percentage of total count
 G = Total turns spent on level
                    A         B        C        D         E        F      G
               +---------+---------+-------+---------+---------+-------+---------
         Total |       0 |     664 |   0.0 |       0 |      87 |   0.0 |  3984
               +---------+---------+-------+---------+---------+-------+---------
           D:1 |       0 |      31 |   0.0 |       0 |      22 |   0.0 |  1344
           D:2 |       0 |     179 |   0.0 |       0 |      34 |   0.0 |  1774
           D:3 |       0 |      53 |   0.0 |       0 |      15 |   0.0 |   701
           D:4 |       0 |     401 |   0.0 |       0 |      16 |   0.0 |   165
               +---------+---------+-------+---------+---------+-------+---------
